 Dungeon Crawl Stone Soup version 0.17-a0-2147-gfb20a63 (webtiles) character file.

23589 M4edhros the Covert (level 13, -1/79 HPs)
             Began as an Octopode Artificer on Oct 24, 2015.
             Was the Champion of Okawaru.
             Slain by a komodo dragon (24 damage)
             ... on level 4 of the Lair of Beasts.
             The game lasted 00:43:04 (19101 turns).

M4edhros the Covert (Octopode Artificer)           Turns: 19101, Time: 00:43:05

Health: -1/79      AC:  3    Str: 15    XL:     13   Next: 7%
Magic:  21/21      EV: 11    Int: 17    God:    Okawaru [******]
Gold:   868        SH: 15    Dex: 17    Spells: 0 memorised, 12 levels left

rFire  + + .     SeeInvis .     z - +1 rapier (venom)
rCold  x . .     Rnd*Rage +     Z - +4 shield of the Hidden Ghosts {Int+5}
rNeg   + . .     SustAt   .     e - +2 hat
rPois  .         Gourm    .     (no amulet)
rElec  .         Spirit   .     s - ring of protection from magic
rCorr  .         Warding  .     v - ring of flight
rMut   .         Stasis   .     m - +4 ring of strength
MR     +....                    I - ring of positive energy
Stlth  +++++++...               L - +3 ring of slaying
                                Q - ring of fire
                                (no ring)
                                (no ring)

@: lethally poisoned (-1 -> -2), somewhat resistant to hostile enchantments,
extremely stealthy
A: almost no armour, amphibious, 8 rings, constrict 8, tentacle spike 1,
camouflage 1, berserk 1, dopey 1, fire resistance 1, frail 1, spit poison 1,
gelatinous body 1
a: Spit Poison, Heroism, Finesse, Renounce Religion, Evoke Flight


You were on level 4 of the Lair of Beasts.
You worshipped Okawaru.
Okawaru was exalted by your worship.
You were hungry.

You visited 3 branches of the dungeon, and saw 14 of its levels.
You also visited: Ossuary.

You collected 868 gold pieces.

Inventory:

Hand Weapons
 a - a +0 short sword
 q - a +0 hunting sling
 z - a +1 rapier of venom (weapon)
 E - a +0 blowgun
Missiles
 r - 9 sling bullets of frost
 w - 2 curare-tipped needles
 y - 59 sling bullets
 A - 328 stones (quivered)
 B - 11 silver sling bullets
 F - 19 poisoned needles
 R - 11 sling bullets of flame
 T - 12 exploding sling bullets
Armour
 e - a +2 hat (worn)
 p - a +0 large shield
 Z - the +4 shield of the Hidden Ghosts (worn) {Int+5}
   (Okawaru gifted it to you on level 3 of the Lair of Beasts)

   It affects your intelligence (+5).
Jewellery
 j - an uncursed ring of magical power {unknown}
 m - a +4 ring of strength (on tentacle)
 s - a ring of protection from magic (left tentacle)
 v - a ring of flight (right tentacle)
 I - a ring of positive energy (on tentacle)
 L - a +3 ring of slaying (on tentacle)
 Q - a ring of fire (on tentacle)
Wands
 d - a wand of confusion (0)
 o - a wand of frost (11)
 C - a wand of paralysis (9)
 H - a wand of confusion (18)
 J - a wand of flame (20)
 W - a wand of hasting (7)
Scrolls
 b - 2 scrolls of identify
 f - 5 scrolls of magic mapping {unknown}
 h - 6 scrolls of enchant weapon
 i - 2 scrolls of teleportation
 l - 3 scrolls of recharging
 D - a scroll of enchant armour
 G - 2 scrolls of fear
 N - a scroll of amnesia
Potions
 c - a potion of heal wounds
 g - a potion of haste {unknown}
 k - a potion of curing
 n - a potion of ambrosia
 t - a potion of magic
 O - 2 potions of resistance
 P - a potion of might
Comestibles
 u - 20 fruits
 U - 2 royal jellies
 V - a meat ration
 X - a bread ration


   Skills:
 + Level 8.0 Fighting
 - Level 1.0 Short Blades
 * Level 11.5 Slings
 - Level 2.0 Dodging
 + Level 13.1 Stealth
 * Level 9.4 Shields
 + Level 11.1 Evocations


You had 12 spell levels left.
You didn't know any spells.

Dungeon Overview and Level Annotations

Branches:
Dungeon (9/15)             Temple (1/1) D:4            Lair (4/8) D:8
    Orc (0/4) D:9
  Swamp: Lair:3-6    Shoals: Lair:3-6     Snake: Lair:3-6    Spider: Lair:3-6

Altars:
Ashenzari
Cheibriados
Dithmenos
Elyvilon
Fedhas
Gozag
Kikubaaqudgha
Makhleb
Nemelex Xobeh
Okawaru
Qazlal
Ru
Sif Muna
Trog
Vehumet
Xom
Yredelemnul
Zin
The Shining One

Annotations:
Lair:3 Harold


Innate Abilities, Weirdness & Mutations

You cannot wear most types of armour.
You are amphibious.
You can wear up to eight rings at the same time.
You can use your tentacles to constrict eight enemies at once.
Your skin changes colour to match your surroundings (Stealth).
Your rubbery body absorbs attacks (AC +1).
One of your tentacles bears a spike.
You tend to lose your temper in combat.
You are dopey. (Int -2)
Your flesh is heat resistant.
You are frail (-10% HP).
You can spit weak poison.


Message History

Okay, then.
You see here a wolf corpse.
You feel sick.
You feel sick.
You see here a wolf corpse.
You feel sick.
The komodo dragon completely misses you.
You feel sick.
You see here a wolf corpse.
You feel sick.
You see here a wolf corpse.
You are feeling hungry.
You feel sick.
You see here a wolf corpse.
You feel sick.
You see here a wolf corpse.
You hit the komodo dragon.
The komodo dragon looks even sicker.
The komodo dragon is heavily wounded.
The komodo dragon bites you!!
You die...

##..#..≈≈≈≈≈≈.#........##
......≈≈≈≈≈≈............#
......≈≈≈≈≈...#........#.#
.......†≈≈..#..........# #
..........#.#.#.<......#
.......................#
.......##.#.###........#
P###.PP###### #l#..##'#.#
P.#.#### ####@.....###
.....# ##..#'..#...##
###..### ##............#
..#.P#.# #..............#
......## #P............+.
......######..............
.........P.#............#$
......+..................
......##.................


You could see a komodo dragon.

Vanquished Creatures
  Maud (Lair:4)
  Josephine (Lair:4)
  2 hydras
  A death yak (D:8)
  The ghost of teron the Thaumaturge, a novice DEAE of Vehumet (Lair:1)
  A griffon (Lair:2)
  6 elephants
  4 black mambas
  2 komodo dragons
  8 spiny frogs
  A slime creature (D:7)
  3 blink frogs (Lair:4)
  10 yaks
  Eustachio (D:6)
  3 basilisks
  5 hippogriffs
  8 wolves (Lair:4)
  2 ice beasts
  Duvessa (D:5)
  11 water moccasins
  6 orc warriors
  6 porcupines
  4 centaurs
  3 black bears
  6 ogres
  16 giant frogs
  3 phantoms
  8 crocodiles
  Blork the orc (D:5)
  Dowan (D:5)
  3 scorpions
  2 electric eels
  5 killer bees
  3 wights (D:7)
  5 crimson imps
  A centaur skeleton (D:7)
  5 jellies
  A wasp zombie (D:8)
  7 orc wizards
  6 iguanas
  4 orc priests
  4 hounds
  A killer bee zombie (D:8)
  6 sheep (Lair:3)
  14 mummies (Ossuary)
  3 hound skeletons
  2 worker ant zombies (D:6)
  8 adders
  4 gnolls
  2 shadow imps
  47 river rats
  An ooze (D:4)
  An adder skeleton (D:5)
  2 worms (D:2)
  2 giant geckos
  30 orcs
  2 ball pythons (D:2)
  4 giant cockroaches
  7 goblins
  6 hobgoblins
  9 jackals
  3 quokkas
  3 bats
  7 giant newts
  3 gnoll skeletons (Ossuary)
  3 goblin skeletons (Ossuary)
  7 kobolds
  A kobold skeleton (Ossuary)
  An orc skeleton (Ossuary)
  5 rats
  11 rat skeletons (Ossuary)
367 creatures vanquished.

Vanquished Creatures (collateral kills)
  A phantom (D:7)
  A killer bee (D:9)
  An orc wizard (D:4)
  A worker ant (D:7)
  A giant gecko (D:1)
  3 orcs
  A giant cockroach (D:3)
  4 jackals (D:5)
  A giant newt (D:1)
14 creatures vanquished.

Vanquished Creatures (others)
  An elephant (D:8)
  A centaur (D:7)
  A phantom (D:4)
  An ogre (D:5)
  A giant frog (D:8)
  A gnoll sergeant (D:7)
  A killer bee (D:9)
  A wight (D:7)
  An orc wizard (D:3)
  An adder (D:8)
  An adder skeleton (D:8)
  A giant cockroach (D:8)
  6 fungi
  9 plants
27 creatures vanquished.

Grand Total: 408 creatures vanquished

Notes
Turn   | Place    | Note
--------------------------------------------------------------
     0 | D:1      | M4edhros the Octopode Artificer began the quest for the Orb.
     0 | D:1      | Reached XP level 1. HP: 13/13 MP: 3/3
   192 | D:2      | Reached XP level 2. HP: 5/18 MP: 4/4
   502 | D:2      | Reached skill level 4 in Evocations
   533 | D:2      | Reached XP level 3. HP: 16/23 MP: 6/6
   687 | D:3      | Found a burning altar of Makhleb.
   691 | D:3      | Found a glowing silver altar of Zin.
   691 | D:3      | Noticed an angel
   692 | D:3      | Noticed a green death
  1065 | D:5      | Entered Level 5 of the Dungeon
  1090 | D:5      | Noticed Blork the orc
  1139 | D:5      | Killed Blork the orc
  1139 | D:5      | Reached skill level 5 in Evocations
  1139 | D:5      | Reached XP level 4. HP: 17/28 MP: 7/7
  1158 | D:5      | Noticed a scorpion
  1159 | D:5      | Reached XP level 5. HP: 11/33 MP: 7/9
  1164 | D:5      | Killed a scorpion
  1426 | D:5      | Noticed an ogre
  1432 | D:5      | Noticed a phantom
  1541 | D:5      | an ogre (ally) was killed
  1544 | D:5      | Killed a phantom
  1544 | D:5      | Reached skill level 5 in Stealth
  1544 | D:5      | Reached skill level 6 in Evocations
  1544 | D:5      | Reached XP level 6. HP: 38/38 MP: 10/10
  1615 | D:5      | Noticed Dowan
  1618 | D:5      | Noticed Duvessa
  1831 | D:4      | Found a bloodstained altar of Trog.
  2172 | D:4      | Found a staircase to the Ecumenical Temple.
  2181 | Temple   | Entered the Ecumenical Temple
  2212 | Temple   | Became a worshipper of Warmaster Okawaru
  3360 | D:3      | Reached XP level 7. HP: 30/43 MP: 10/12
  3703 | D:3      | Found a blossoming altar of Fedhas.
  3705 | D:3      | Found an ancient bone altar of Kikubaaqudgha.
  3833 | D:3      | Found a radiant altar of Vehumet.
  3834 | D:3      | Found a deep blue altar of Sif Muna.
  3983 | D:4      | Reached skill level 1 in Slings
  4513 | D:4      | Reached skill level 7 in Stealth
  4841 | D:5      | Killed Duvessa
  4856 | D:5      | Killed Dowan
  5096 | D:6      | Reached XP level 8. HP: 46/48 MP: 13/13
  5161 | D:6      | Found a sand-covered staircase.
  5274 | Ossuary  | Entered an ossuary
  5295 | Ossuary  | Reached skill level 8 in Stealth
  6038 | D:6      | Noticed Eustachio
  6050 | D:6      | Killed Eustachio
  6322 | D:6      | Reached * piety under Okawaru
  6366 | D:6      | Found a radiant altar of Vehumet.
  6666 | D:7      | Reached skill level 5 in Slings
  6796 | D:7      | Reached skill level 9 in Stealth
  6796 | D:7      | Reached XP level 9. HP: 50/55 MP: 15/15
  6969 | D:7      | HP: 1/56 [centaur (9)]
  7272 | D:7      | Gained mutation: You tend to lose your temper in combat. [potion of mutation]
  7272 | D:7      | Gained mutation: You can spit weak poison. [potion of mutation]
  7272 | D:7      | Gained mutation: You are frail (-10% HP). [potion of mutation]
  7710 | D:7      | Noticed a slime creature
  8630 | D:7      | Reached ** piety under Okawaru
  9002 | D:8      | Found a shimmering altar of Xom.
  9264 | D:8      | Reached skill level 10 in Stealth
  9595 | D:8      | Found a blossoming altar of Fedhas.
  9600 | D:8      | Reached skill level 1 in Shields
  9654 | D:8      | Reached *** piety under Okawaru
  9654 | D:8      | Reached XP level 10. HP: 42/58 MP: 16/16
  9685 | D:8      | Found a staircase to the Lair.
  9685 | D:8      | Noticed an elephant
  9750 | D:8      | Noticed a death yak
  9767 | D:8      | an elephant (ally) was killed
  9998 | D:7      | Killed a slime creature
 10580 | D:8      | Killed a death yak
 10580 | D:8      | Reached skill level 5 in Fighting
 11567 | D:9      | Gained mutation: One of your tentacles bears a spike. [potion of mutation]
 11567 | D:9      | Gained mutation: You are dopey. (Int -2) [potion of mutation]
 11567 | D:9      | Gained mutation: Your flesh is heat resistant. [potion of mutation]
 11585 | D:9      | Found a staircase to the Orcish Mines.
 11647 | D:9      | Found a shattered altar of Ashenzari.
 11651 | D:9      | Saw a vision of the Shoals and the Snake Pit.
 11651 | D:9      | Noticed a siren
 11651 | D:9      | Noticed a sea snake
 11651 | D:9      | Noticed a siren
 11651 | D:9      | Noticed a naga ritualist
 11651 | D:9      | Noticed a naga mage
 11653 | D:9      | Noticed a sea snake
 11654 | D:9      | Noticed a naga mage
 11724 | D:9      | Reached **** piety under Okawaru
 11758 | D:9      | Reached skill level 11 in Stealth
 12759 | Lair:1   | Entered Level 1 of the Lair of Beasts
 12967 | Lair:1   | Noticed teron's ghost (novice DEAE)
 13075 | Lair:1   | Killed teron's ghost
 13075 | Lair:1   | Reached skill level 5 in Shields
 13075 | Lair:1   | Reached XP level 11. HP: 49/64 MP: 18/18
 13582 | Lair:1   | Received a gift from Okawaru
 13729 | Lair:1   | Received a gift from Okawaru
 13794 | Lair:2   | Reached ***** piety under Okawaru
 13794 | Lair:2   | Reached skill level 10 in Evocations
 13971 | Lair:2   | Received a gift from Okawaru
 14887 | Lair:2   | Reached skill level 12 in Stealth
 15167 | Lair:3   | Reached skill level 10 in Slings
 15176 | Lair:3   | Received a gift from Okawaru
 15177 | Lair:3   | Got a pitted shield {god gift}
 15206 | Lair:3   | Identified the +4 shield of the Hidden Ghosts {Int+5} (Okawaru gifted it to you on level 3 of the Lair of Beasts)
 15430 | Lair:3   | Reached XP level 12. HP: 69/72 MP: 19/19
 16407 | Lair:3   | Noticed Harold
 17165 | Lair:3   | Noticed an eight-headed hydra
 17564 | Lair:3   | Killed an eight-headed hydra
 17886 | Lair:4   | Noticed Josephine
 17901 | Lair:4   | Killed Josephine
 18252 | Lair:4   | Noticed Maud
 18333 | Lair:4   | Reached ****** piety under Okawaru
 18411 | Lair:4   | Killed Maud
 18411 | Lair:4   | Received a gift from Okawaru
 18411 | Lair:4   | Reached skill level 13 in Stealth
 18866 | Lair:4   | Noticed a four-headed hydra
 19009 | Lair:4   | Killed a four-headed hydra
 19009 | Lair:4   | Reached XP level 13. HP: 55/79 MP: 21/21
 19101 | Lair:4   | Slain by a komodo dragon

Vault maps used:
D:1:      dpeg_arrival_leaves_temple_mockup
D:3:      grunt_temple_overflow_growth_and_decay,
          grunt_temple_overflow_order_and_chaos_2,
          nicolae_overflow_hidden_temple, serial_glass, glass_columns_b,
          glass_columns_a, glass_columns_a, glass_columns_b, glass_columns_c,
          glass_columns_a, minivault_24
D:4:      lemuel_temple_firewalk_marked, trog_hazing_becter
D:5:      first_bread, uniq_blork_the_orc, uniq_duvessa
D:6:      basic_altar, serial_co_window_serial, co_window_paths_a,
          co_window_paths_a, co_window_paths_a, co_window_of_opportunity_a,
          co_window_corner_a, co_window_paths_b, co_window_paths_a,
          co_window_corner_a, co_window_of_opportunity_a, co_window_paths_c,
          co_window_of_opportunity_b, co_window_broadway_b,
          co_window_broadway_b, co_window_paths_c, co_window_unsneaky_path_a,
          glass_columns_a, glass_columns_b, glass_columns_b, glass_columns_b,
          glass_columns_a, nicolae_ossuary_entry_monument, minmay_bad_closet,
          uniq_eustachio
D:7:      wad_river_or_something
D:8:      xom_confusion_cloud, david_lair_generic, hangedman_tree_tricks
D:9:      david_orc_4, grunt_ashenzari_visionary
Temple:   temple_eino_lava_12
Lair:1:   serial_bayou_lagoon_a
Lair:3:   uniq_harold
Lair:4:   serial_bayou_shore_b, serial_bayou_shore_a, infiniplex_staircase_pool,
          lemuel_fruit_tree, uniq_maud, uniq_josephine
Ossuary:  ossuary_due_small_catacomb

Action                   |  1- 3 |  4- 6 |  7- 9 | 10-12 | 13-15 || total
-------------------------+-------+-------+-------+-------+-------++-------
Melee: Short sword       |    43 |    83 |   122 |       |       ||   248
       Rapier            |       |       |   156 |   497 |    18 ||   671
 Fire: Hunting sling     |       |       |    16 |   191 |     8 ||   215
       Blowgun           |       |       |     5 |     9 |       ||    14
Evoke: Wand              |     7 |    19 |    16 |    27 |       ||    69
  Use: Potion            |     2 |       |    17 |    12 |       ||    31
       Scroll            |       |       |    11 |     3 |       ||    14
 Stab: Sleeping          |     9 |     7 |    41 |    37 |       ||    94
       Paralysed         |       |     2 |       |     1 |       ||     3
       Distracted        |       |       |     2 |     4 |       ||     6
       Confused          |       |       |       |     4 |       ||     4
  Eat: Chunk             |       |     2 |    11 |    19 |       ||    32
       Bread ration      |       |     1 |     1 |     2 |       ||     4
       Beef jerky        |       |       |     2 |       |       ||     2
       Meat ration       |       |       |     1 |       |       ||     1
       Fruit             |       |       |       |     2 |       ||     2
       Pizza             |       |       |       |     1 |       ||     1
